 Dungeon Crawl Stone Soup version 0.31.0-32-g396128a36d (webtiles) character file.

Game seed: 7544112069135920268

80 AdnanSaban the Trooper (level 4, -2/29 HPs)
             Began as a Gargoyle Fighter on Apr 19, 2024.
             Slain by a goblin
             ... wielding a +0 club
             ... led by Robin
              (6 damage)
             ... on level 3 of the Dungeon.
             The game lasted 00:01:23 (1348 turns).

AdnanSaban the Trooper (Gargoyle Fighter)           Turns: 1348, Time: 00:01:24

Health: -2/29      AC: 10    Str: 28    XL:     4   Next: 39%
Magic:  4/4        EV: 10    Int:  8    God:
Gold:   74         SH:  4    Dex:  9    Spells: 3/3 levels left

rFire   . . .        a - +0 flail
rCold   . . .        c - +0 buckler
rNeg    + . .        b - +0 scale mail
rPois   ∞            (no helmet)
rElec   +            (no cloak)
rCorr   .            (no gloves)
SInv    .            (no boots)
Will    .....        (no amulet) Stlth
                     o - +6 ring of strength
HPRegen 0.24/turn    (no ring)
MPRegen 0.09/turn

%: no passive effects
@: no status effects
A: sickness immunity, AC +3, negative energy resistance 1, electricity
resistance, torment resistance 1, petrification resistance
a: no special abilities


You were on level 3 of the Dungeon.
You visited 1 branch of the dungeon, and saw 3 of its levels.

You collected 74 gold pieces.

Inventory:

Hand Weapons
 a - a +0 flail (weapon)
Missiles
 k - 4 poisoned darts (quivered)
Armour
 b - a +0 scale mail (worn)
 c - a +0 buckler (worn)
Jewellery
 o - a +6 ring of strength (left hand)
 q - a ring of positive energy
Scrolls
 e - a scroll of fear {unknown}
 h - a scroll of teleportation {unknown}
 i - a scroll of blinking {unknown}
 j - a scroll of amnesia {unknown}
 m - a scroll of enchant weapon {unknown}
 n - a scroll of vulnerability {unknown}
Potions
 d - a potion of might
 f - 3 potions of curing {unknown}
 g - a potion of degeneration {unknown}
 l - a potion of cancellation {unknown}
 p - a potion of heal wounds {unknown}


   Skills:
 + Level 3.9 Fighting
 + Level 3.0 Maces & Flails
 + Level 3.8 Armour
 + Level 0.4 Dodging
 + Level 0.2 Stealth
 + Level 3.8 Shields


You had 3 spell levels left.
You didn't know any spells.
Your spell library contained the following spells:

 Spells                   Type           Power      Damage    Failure   Level
 Leda's Liquefaction      Alch/Erth      0%         N/A       100%        4
 Lee's Rapid Deconstruct  Erth           0%         3d4*      100%        5
 Bombard                  Conj/Erth      0%         9d1       100%        6


Dungeon Overview and Level Annotations

Branches:
Dungeon (3/15)

Altars:

Annotations:
D:3 Robin


Innate Abilities, Weirdness & Mutations

You are immune to sickness and miasma.
Your stone body is resilient. (AC +3)
You are immune to poison.
You resist negative energy. (rN+)
You are resistant to electric shocks. (rElec)
You are resistant to unholy torment.
You are immune to petrification.


Message History

Robin roars a battlecry!
The goblin goes into a battle-frenzy!
You hear a bark! x2
You hit the goblin.
The goblin is moderately wounded.
The goblin hits you with a +0 dagger. You block the goblin's attack.
A goblin comes into view. It is wielding a +0 club.
You block the goblin's attack.
A hobgoblin comes into view.
Robin completely misses you.
You closely miss the goblin.
The goblin is moderately wounded.
You block the goblin's attack. The goblin closely misses you.
You block the goblin's attack.
Robin hits you with a +1 dagger of freezing.
Robin freezes you. The goblin closely misses you.
A goblin comes into view. It is wielding a +0 club.
Robin hits you but does no damage. The goblin completely misses you.
The goblin hits you but does no damage.
You closely miss the goblin.
The goblin is moderately wounded.
The goblin no longer looks unusually strong. x3
The goblin hits you but does no damage. The goblin barely misses you.
You block the goblin's attack.
Unknown command.
You hit the goblin.
You kill the goblin!
The hobgoblin no longer looks unusually strong.
The goblin hits you with a +0 dagger. The goblin barely misses you.
Robin roars a battlecry!
The goblins go into a battle-frenzy!
You hear a bark!
The goblin hits you with a +0 dagger.
* * * LOW HITPOINT WARNING * * *
You block the goblin's attack. Robin throws the goblin at you!
The goblin hits you but does no damage.
You see here a +0 dagger.
You barely miss the goblin. The goblin hits you but does no damage.
The goblin closely misses you. The goblin hits you with a +0 club.
You die...

### ### #..
..# #.# #.#
#.# ..#
#.###.#
#gg###gg...#
#ggggg.@g.<#
##.######..#
#..# .....
##..##.#
...# .. #.##
## .$# ...


You could see Robin, a hobgoblin (strong) and 8 goblins.

Vanquished Creatures
  4 adders (D:2)
  2 ribbon worms (D:2)
  4 bats
  4 endoplasms
  2 giant cockroaches (D:1)
  5 goblins
  6 hobgoblins
  3 kobolds (D:2)
  3 ball pythons (D:2)
  3 frilled lizards
  4 rats
40 creatures vanquished.

Notes
Turn   | Place    | Note
-------+----------+-------------------------------------------
     0 | D:1      | AdnanSaban the Gargoyle Fighter began the quest for the
                  | Orb.
     0 | D:1      | Reached XP level 1. HP: 14/14 MP: 1/1
    72 | D:1      | Reached XP level 2. HP: 9/19 MP: 2/2
   539 | D:1      | You fall into a shaft and drop 1 floor!
   643 | D:2      | Found a faded altar of an unknown god.
   669 | D:2      | Reached XP level 3. HP: 20/23 MP: 3/3
   992 | D:2      | Identified the +1 robe of Light {+Blink Stlth+}
  1103 | D:2      | Reached XP level 4. HP: 29/29 MP: 4/4
  1332 | D:3      | Noticed Robin
  1348 | D:3      | Slain by a goblin

Illustrated notes

Levels and vault maps discovered:
D:1:      lightli_arrival_quake, layout_basic
D:2:      layout_rooms, nicolae_ecumenical_pavilion, minivault_4,
          grunt_decor_mini_mirrors
D:3:      layout_loops_ring, overflow_temple_1_default, serial_aquarium,
          aquarium_bridge_square [aquarium_subvault_wall,
          aquarium_subvault_wall, aquarium_subvault_balcony,
          aquarium_subvault_bridge], aquarium_window_3, aquarium_window_2,
          aquarium_window_corner, aquarium_view_2c, aquarium_view_2b, uniq_robin

Skill      XL: |  1  2  3  4 |
---------------+-------------+-----
Maces & Flails | 3 |  3.0
Fighting       | |  3.9
Armour         | |  3.8
Dodging        | |  0.4
Stealth        | |  0.2
Shields        | |  3.8

Action                     |  1- 3 |  4- 6 || total
---------------------------+-------+-------++-------
  Melee: Flail             |    91 |    41 ||   132
 Armour: Scale mail        |    66 |    38 ||   104
  Dodge: Dodged            |    46 |    36 ||    82
  Block: Buckler           |    19 |    14 ||    33
